 Dungeon Crawl Stone Soup version 0.28-b1-25-g9875b3fc8c (webtiles) character file.

Game seed: 654567778006850984

101 Lathuz the Chopper (level 4, -24/41 HPs)
             Began as a Minotaur Berserker on Feb 3, 2022.
             Was a Believer of Trog.
             Killed from afar by Ijyb (32 damage)
             ... with a bolt of acid
             ... on level 3 of the Dungeon.
             The game lasted 00:05:11 (1542 turns).

Lathuz the Chopper (Minotaur Berserker)             Turns: 1542, Time: 00:05:11

Health: -24/41     AC:  2    Str: 23    XL:     4   Next: 48%
Magic:  3/3        EV: 11    Int:  4    God:    Trog [**....]
Gold:   90         SH:  0    Dex: 10    Spells: 3/3 levels left

rFire   . . .      SeeInvis .   a - +0 hand axe
rCold   . . .      Faith    .   (no shield)
rNeg    . . .      Spirit   .   d - +0 ring mail
rPois   .          Reflect  .   (helmet restricted)
rElec   .          Harm     .   (no cloak)
rCorr   .          Rampage  .   j - +0 pair of gloves
Will    .....                   (no boots)
Stlth   ..........              (no amulet)
HPRegen 0.13/turn               (no ring)
MPRegen 0.08/turn               (no ring)

@: corroded
A: horns 2, retaliatory headbutt
a: Renounce Religion, Berserk, Trog's Hand


You were on level 3 of the Dungeon.
You worshipped Trog.
Trog was pleased with you.
You visited 1 branch of the dungeon, and saw 3 of its levels.

You collected 90 gold pieces.

Inventory:

Hand Weapons
 a - a +0 hand axe (weapon)
Missiles
 e - 19 bolts
 s - 82 stones (quivered)
Armour
 d - a +0 ring mail (worn)
 j - a +0 pair of gloves (worn)
 k - a scarf of invisibility
Jewellery
 h - a ring of willpower
Scrolls
 c - a scroll of enchant armour {unknown}
 i - a scroll of identify {unknown}
 m - a scroll of fear {unknown}
Potions
 b - a potion of degeneration {unknown}
 f - a potion of haste {unknown}
 g - a potion of mutation {unknown}
 l - a potion of curing {unknown}


   Skills:
 + Level 4.4 Fighting
 * Level 5.2 Axes
 + Level 3.5 Armour
 - Level 2.1 Dodging


You had 3 spell levels left.
You didn't know any spells.
Your spell library was empty.

Dungeon Overview and Level Annotations

Branches:
Dungeon (3/15)

Altars:

Annotations:
D:3 Ijyb


Innate Abilities, Weirdness & Mutations

You have a pair of horns on your head.
You reflexively headbutt those who attack you in melee.


Message History

Throw: 76 stones
Press: ? - help, Q - select action, (/) - cycle Shift-Dir - straight line, f/p - worm
Aim: a worm (77% to hit)
You throw a stone. You hit the worm.
The worm is lightly wounded.
You slash the worm!
The worm is severely wounded.
You hit the worm.
The worm is severely wounded.
You hit the worm.
You kill the worm!
s - 76 stones (gained 1)
s - 78 stones (gained 2)
s - 79 stones (gained 1)
s - 80 stones (gained 1)
s - 82 stones (gained 2) Done exploring.
There is a stone staircase leading up here. a +6 dagger of draining; a +0 robe
There is a stone staircase leading down here.
Done exploring.
You climb downwards.
The ball python hisses angrily.
There is a stone staircase leading up here.
Ijyb the Twisted Goblin comes into view.
She is wielding a +0 club and carrying a wand of acid (14).
Ijyb shouts!
You slash the ball python!
You kill the ball python!
Ijyb screams, "Me stronger than you!"
Ijyb zaps a wand.
The bolt of acid hits you!!
Ouch! That really hurt!
* * * LOW HITPOINT WARNING * * *
The acid corrodes you!
You are too injured to fight recklessly!
You are too injured to fight recklessly!
Unknown command.
Ijyb zaps a wand.
The bolt of acid hits you!!
Ouch! That really hurt!
You die...

... #####+###.#
#.........#
#.........#
#.........#
#.........#
#...<.†...#
#.........###.#
##...#..@g....#
#.###+########
#. #. #


You could see Ijyb.

Vanquished Creatures
  Jessica (D:2)
  An adder (D:2)
  A howler monkey skeleton (D:2)
  2 worms (D:2)
  2 dart slugs
  4 ball pythons
  4 endoplasms
  2 giant cockroaches (D:1)
  5 goblins
  3 hobgoblins
  2 quokkas (D:1)
  7 bats
  3 frilled lizards
  6 kobolds
  4 rats
47 creatures vanquished.

Notes
Turn   | Place    | Note
-------+----------+-------------------------------------------
     0 | D:1      | Lathuz the Minotaur Berserker began the quest for the Orb.
     0 | D:1      | Reached XP level 1. HP: 19/19 MP: 0/0
   145 | D:1      | Reached skill level 4 in Axes
   155 | D:1      | Reached XP level 2. HP: 21/27 MP: 1/1
   577 | D:1      | Found a faded altar of an unknown god.
   590 | D:1      | Reached XP level 3. HP: 18/33 MP: 2/2
   924 | D:2      | Reached ** piety under Trog
   925 | D:2      | Noticed Jessica
   982 | D:2      | Killed Jessica
  1040 | D:2      | Reached XP level 4. HP: 34/40 MP: 3/3
  1155 | D:2      | Reached skill level 5 in Axes
  1538 | D:3      | Noticed Ijyb
  1542 | D:3      | Killed from afar by Ijyb

Illustrated notes

Levels and vault maps discovered:
D:1:      mrwooster_arrival_statue_3, layout_rooms,
          shapermc_ecumenical_altar_notcrosses
D:2:      kb_forest_paths, layout_rooms, uniq_jessica
D:3:      layout_basic, uniq_ijyb, uniq_grinder

Skill      XL: |  1  2  3  4 |
---------------+-------------+-----
Axes           | 4 5 |  5.2
Fighting       | 4 |  4.4
Armour         | 3 |  3.5
Dodging        | |  2.1

Action                   |  1- 3 |  4- 6 || total
-------------------------+-------+-------++-------
Melee: Hand axe          |    70 |    34 ||   104
       Headbutt          |    10 |     5 ||    15
Throw: Stone             |       |    19 ||    19
Armor: Ring mail         |    23 |    10 ||    33
       Animal skin       |     3 |       ||     3
Dodge: Dodged            |    34 |    16 ||    50
